cohdb
Replays
Latest Replays
All Replays
Popular Replays
Top Player Replays
Match Explorer
How It Works
Community
CoH3 Stats
Reddit
Sign in to upload your games and track your stats! →
Sign in with Steam
Match 24587739
Unlisted
Match 24587739
Overview
Messages
Build Orders
End
Construct Section Command Post
Infantry Section
Vickers Machine Gun Team
Infantry Section
Construct Platoon Command Post
ML 3-inch Mortar Team
Unlock M3 Stuart Light Tanks
Selects Air and Sea Battlegroup
Selects Commando Section Paradrop
M3 Stuart Light Tank
Commando Section Paradrop
Construct Company Command Post
Crusader II Medium Tank
HeavySmekke
elcidman19822
Serial Chiller
Brennt
Redkit_34
Waco
0
0
Comments
sign in to comment!
No comments posted yet!